Map: Ruins of Seras

Players

Javert - Winner!

  • Race: Zerg Zerg
  • League: Gold

바이럿

  • Race: Zerg Zerg
  • League: Gold

VOD

Have the link to the VOD?

Description

Time

  • Played on: Sept. 26, 2015, 8:05 p.m.
  • Length: 35:21
Show
View Real Time Build Order
Export as new Build Order

Javert Zerg - Winner!

Build Orders: Pool First, Lurkers 

Get SALT Encoding   

  12  0:01  Drone  
  13  0:13  Overlord  
  13  0:19  Drone  
  14  0:32  Drone x2  
  16  0:37  Drone  
  17  0:51  Drone, Spawning Pool  
  17  1:12  Hatchery  
  17  1:15  Drone  
  17  1:17  Extractor  
  16  1:26  Drone  
  16  1:31  Drone  
  18  1:39  Roach Warren  
  17  1:43  Queen  
  19  1:50  Overlord  
  19  1:55  Drone  
  20  2:19  Roach x3  
  26  2:29  Roach  
  28  2:32  Queen  
  32  2:37  Roach  
  32  2:49  Roach x2  
  36  2:55  Overlord  
  36  3:02  Overlord  
  36  3:20  Drone x5  
  41  3:31  Drone x3  
  40  3:54  Drone x8  
  42  4:01  Roach x2  
  44  4:08  Roach  
  44  4:16  Baneling Nest  
  43  4:19  Overlord  
  33  4:52  Roach x2  
  38  4:53  Roach x2  
  38  4:54  Queen  
  39  5:02  Drone x5  
  39  5:03  Drone x3  
  43  5:33  Drone x4  
  43  5:34  Drone x2, Queen  
  46  5:43  Zergling x6  
  49  5:53  Drone x3  
  50  6:07  Baneling  
  50  6:11  Roach  
  52  6:13  Overlord  
  52  6:14  Queen  
  52  6:17  Lair  
  51  6:19  Extractor  
  50  6:27  Baneling  
  50  6:28  Drone x2, Baneling  
  52  6:35  Overlord  
  52  6:44  Drone x5  
  52  6:46  Extractor  
  56  6:47  Extractor  
  55  6:56  Drone x9  
  64  7:12  Hatchery  
  63  7:19  Burrow  
  63  7:21  Glial Reconstitution  
  63  7:23  Hydralisk Den  
  62  7:34  Overlord x2  
  62  7:39  Lurker Den  
  62  7:41  Roach  
  62  7:42  Roach x2  
  68  7:47  Overlord  
  68  7:58  Hydralisk x4  
  76  8:15  Hydralisk x3  
  76  8:16  Evolution Chamber  
  76  8:17  Evolution Chamber  
  80  8:21  Drone x4  
  84  8:32  Overlord x2  
  84  8:36  Drone x2  
  84  8:37  Drone x2  
  88  8:48  Overlord  
  88  8:49  Overlord  
  88  8:50  Zerg Missile Weapons Level 1, Zerg Ground Armor Level 1  
  88  9:02  Overlord x2  
  88  9:06  Lurker x3  
  88  9:07  Lurker  
  92  9:17  Drone x5  
  92  9:18  Drone x5  
  102  9:25  Overlord  
  102  9:26  Drone x3  
  102  9:30  Overlord  
  105  9:32  Roach  
  107  9:40  Roach x4  
  115  9:47  Lurker x3  
  118  9:58  Roach  
  118  9:59  Roach x4  
  128  10:02  Overlord  
  128  10:04  Overlord, Extractor  
  128  10:05  Extractor  
  126  10:07  Drone x3  
  126  10:08  Drone x3  
  132  10:20  Roach x2  
  132  10:21  Roach x4  
  144  10:24  Overlord  
  144  10:31  Spore Crawler  
  145  10:35  Roach  
  145  10:36  Roach x4  
  153  10:51  Overlord  
  153  10:55  Zerg Ground Armor Level 2, Zerg Missile Weapons Level 2  
  153  11:05  Roach  
  153  11:06  Roach x7  
  169  11:18  Overlord  
  147  11:51  Hydralisk  
  147  11:52  Hydralisk x14  
  174  11:57  Overseer x2  
  173  12:07  Overlord  
  173  12:18  Overlord  
  173  12:20  Muscular Augments  
  173  12:22  Overlord  
  173  12:23  Drone x4  
  173  12:24  Extractor  
  173  12:25  Hatchery  
  173  12:27  Extractor  
  163  12:53  Roach x8  
  163  12:54  Roach  
  181  13:01  Lurker x6  
  187  13:08  Drone x5  
  192  13:22  Infestation Pit  
  192  13:25  Pneumatized Carapace  
  191  13:33  Roach  
  191  13:34  Roach x3  
  148  13:59  Roach  
  148  14:00  Roach x10  
  137  14:07  Overlord  
  137  14:09  Drone  
  135  14:10  Drone x2  
  137  14:23  Hatchery  
  136  14:27  Hatchery  
  136  14:28  Lurker  
  136  14:29  Lurker x5  
  141  14:33  Hydralisk x4  
  141  14:34  Hydralisk x5  
  156  14:47  Drone x12  
  156  14:48  Drone x2  
  168  15:10  Roach  
  168  15:11  Roach x9  
  188  15:21  Hive  
  187  15:30  Overlord  
  187  15:34  Roach x6  
  199  16:07  Spore Crawler x2  
  199  16:09  Spore Crawler  
  196  16:12  Spore Crawler x2  
  196  16:13  Spore Crawler x3  
  196  16:14  Spore Crawler  
  190  16:21  Spore Crawler x2  
  190  16:22  Spore Crawler  
  190  16:24  Spore Crawler  
  151  17:31  Roach  
  151  17:32  Roach x13  
  123  18:20  Hydralisk x5  
  123  18:21  Hydralisk  
  123  18:23  Drone x16  
  135  18:57  Hatchery  
  80  19:53  Queen  
  80  19:54  Roach x5  
  80  20:05  Hydralisk  
  70  20:32  Drone x28  
  70  20:35  Spore Crawler  
  69  20:36  Spore Crawler  
  68  20:53  Roach x3  
  71  21:12  Drone x2  
  64  21:31  Roach x8  
  80  21:44  Hydralisk x2  
  83  22:03  Roach x2  
  76  22:19  Hydralisk x4  
  76  22:20  Hydralisk  
  86  22:49  Hydralisk  
  84  23:07  Roach x5  
  84  23:38  Hydralisk  
  84  23:46  Hydralisk  
  84  23:47  Hydralisk x2  
  68  23:56  Hydralisk  
  70  24:31  Hydralisk x4  
  76  25:03  Hatchery  
  76  25:04  Overlord  
  76  25:06  Drone  
  72  25:16  Spine Crawler  
  63  25:33  Spore Crawler  
  62  25:43  Hydralisk  
  62  25:44  Drone x11, Hydralisk  
  60  26:23  Hydralisk  
  60  26:27  Drone x7  
  49  29:14  Overseer  
Show
View Real Time Build Order
Export as new Build Order

바이럿 Zerg 

Build Orders: Hatch First, Lurkers 

Get SALT Encoding   

  12  0:01  Drone  
  13  0:12  Overlord  
  13  0:22  Drone  
  14  0:34  Drone  
  14  0:35  Drone  
  16  0:38  Drone  
  17  0:55  Hatchery  
  16  0:57  Drone  
  17  1:11  Spawning Pool  
  16  1:12  Drone  
  16  1:18  Drone, Extractor  
  17  1:21  Drone  
  18  1:33  Drone  
  19  1:43  Drone  
  20  1:50  Overlord  
  20  1:57  Queen  
  22  2:06  Queen  
  24  2:08  Zergling x4  
  24  2:14  Overlord  
  26  2:21  Metabolic Boost  
  26  2:26  Drone x2  
  28  2:34  Overlord  
  28  2:35  Drone  
  29  2:41  Queen  
  31  2:51  Baneling Nest  
  30  2:53  Drone x2  
  32  3:03  Roach Warren, Drone x2  
  34  3:09  Zergling x4  
  34  3:10  Zergling x2  
  34  3:12  Zergling x2  
  38  3:16  Zergling x2  
  38  3:19  Zergling x2  
  39  3:31  Zergling x2  
  39  3:32  Zergling x10  
  43  3:42  Zergling x2  
  43  3:48  Zergling x6  
  42  3:57  Zergling x2  
  42  4:02  Overlord  
  43  4:06  Overlord  
  43  4:13  Overlord  
  43  4:17  Lair  
  43  4:20  Queen  
  41  4:37  Zergling x6  
  41  4:38  Zergling x12  
  48  4:52  Zergling x2  
  49  4:53  Overlord x2  
  48  5:04  Zergling x4  
  46  5:28  Zergling x16  
  47  5:40  Glial Reconstitution  
  47  5:41  Drone x5  
  51  5:56  Drone  
  51  6:01  Roach  
  51  6:02  Roach x5  
  60  6:04  Extractor  
  60  6:05  Roach  
  59  6:14  Hatchery  
  52  6:25  Overseer  
  52  6:30  Drone x5  
  57  6:34  Drone x4  
  61  6:44  Roach x4  
  69  6:47  Evolution Chamber, Overlord  
  69  6:50  Drone  
  69  6:55  Extractor  
  69  7:01  Overseer  
  68  7:02  Drone  
  69  7:12  Roach x2  
  69  7:13  Zerg Missile Weapons Level 1  
  69  7:15  Drone x3  
  76  7:18  Drone  
  76  7:19  Drone  
  78  7:29  Drone  
  79  7:31  Hatchery  
  79  7:33  Roach  
  79  7:35  Roach x2  
  84  7:51  Ravager x3  
  87  7:54  Drone x3  
  90  7:58  Extractor  
  90  8:02  Ravager  
  90  8:03  Overlord x3  
  90  8:14  Overlord x2  
  90  8:15  Drone, Roach  
  90  8:17  Unknown  
  93  8:22  Extractor  
  93  8:25  Roach x6  
  104  8:27  Ravager  
  105  8:39  Drone x3, Hydralisk Den  
  105  8:40  Drone x3  
  110  8:45  Ravager  
  110  8:47  Drone  
  110  8:48  Drone x3  
  115  8:52  Drone x2  
  117  8:59  Pneumatized Carapace  
  117  9:06  Overseer  
  117  9:09  Zerg Missile Weapons Level 2  
  117  9:12  Lurker Den  
  117  9:13  Drone x5  
  122  9:17  Extractor  
  122  9:19  Roach x2  
  122  9:23  Roach  
  127  9:45  Overlord x2  
  127  9:46  Overlord  
  127  9:48  Ravager x4  
  127  9:49  Hatchery  
  130  9:55  Overlord x2  
  130  9:56  Overlord  
  130  10:09  Extractor  
  130  10:13  Extractor  
  128  10:17  Hydralisk x2  
  128  10:18  Hydralisk x4  
  140  10:23  Roach x2  
  144  10:33  Drone x3  
  144  10:35  Hatchery, Drone x3  
  149  10:40  Roach  
  149  10:41  Overlord x2, Roach  
  153  10:55  Roach x4  
  161  11:06  Hydralisk, Roach x2  
  161  11:07  Hydralisk  
  161  11:10  Lurker x6  
  175  11:18  Overlord  
  175  11:20  Evolution Chamber  
  175  11:23  Infestation Pit  
  175  11:24  Drone x2  
  175  11:27  Drone  
  175  11:28  Drone  
  138  11:50  Roach  
  138  11:51  Roach x2  
  128  12:01  Roach x5  
  129  12:02  Hydralisk x4, Roach x4  
  129  12:03  Hydralisk x2  
  151  12:08  Muscular Augments  
  151  12:12  Extractor x2  
  151  12:13  Drone  
  151  12:14  Drone x2  
  151  12:15  Ravager  
  153  12:24  Zerg Ground Armor Level 1  
  151  12:40  Roach x2  
  155  12:57  Hatchery  
  152  12:59  Overseer  
  152  13:02  Burrow  
  152  13:03  Drone x2  
  152  13:04  Drone  
  155  13:09  Spire  
  154  13:19  Hive  
  154  13:21  Zerg Melee Weapons Level 1  
  154  13:23  Roach x4  
  162  13:31  Roach x2  
  162  13:32  Roach x5  
  176  13:38  Roach x4  
  176  13:39  Roach  
  128  14:13  Roach x2  
  128  14:14  Roach x4  
  128  14:15  Roach x3  
  146  14:18  Drone  
  146  14:19  Drone x2  
  149  14:28  Zerg Flyer Weapons Level 1  
  149  14:35  Hatchery  
  148  14:41  Roach x2  
  148  14:42  Mutalisk, Roach  
  148  14:43  Mutalisk x6  
  168  15:00  Mutalisk x3  
  168  15:01  Mutalisk x3  
  180  15:13  Overseer x2  
  180  15:14  Mutalisk x2  
  180  15:17  Zerg Missile Weapons Level 3  
  184  15:37  Roach  
  184  15:38  Roach x4  
  184  15:40  Roach x15  
  175  15:57  Roach x4  
  175  15:58  Roach x8  
  193  16:18  Roach x4  
  197  16:20  Drone  
  194  16:53  Roach x2  
  194  16:54  Roach x4  
  184  16:55  Drone, Roach x2, Queen  
  166  17:11  Roach x5  
  150  17:19  Roach  
  150  17:20  Drone, Roach x3  
  150  17:21  Drone x2  
  153  17:36  Roach x3  
  139  18:03  Roach x5  
  100  18:15  Roach x3  
  96  18:33  Roach  
  96  18:39  Queen  
  96  18:40  Roach Warren  
  49  19:38  Roach  
  43  19:48  Roach x3  
  43  19:49  Roach x2  
  43  19:51  Roach  
  53  20:19  Drone x4  
  55  20:49  Roach  
  63  20:50  Roach x4  
  63  20:55  Spore Crawler  
  64  21:09  Roach x2  
  68  21:21  Roach x3  
  66  21:42  Roach x3  
  68  22:15  Roach  
  68  22:16  Roach x4  
  68  22:39  Roach x2  
  72  22:58  Roach x3  
  76  22:59  Roach  
  80  23:09  Hatchery  
  77  23:24  Roach  
  77  23:25  Roach x4  
  60  23:34  Roach x2  
  60  23:38  Drone x16  
  63  24:30  Roach  
  65  24:49  Drone  
  65  24:50  Drone  
  65  24:51  Spore Crawler  
  66  25:01  Roach Warren  
  65  25:10  Spine Crawler  
Tags
 
Add a new tag
Caveats
  • Supply blocks, unpowered buildings, or Contaminate may cause inaccurate times.
  • Supply counts are checked every 10 seconds.